 Dungeon Crawl Stone Soup version 0.19.5 (webtiles) character file.

325 magipi the Cleaver (level 6, 0/52 HPs)
             Began as a Hill Orc Monk on Mar 11, 2017.
             Slain by a centaur (8 damage)
             ... on level 5 of the Dungeon.
             The game lasted 00:11:16 (4612 turns).

magipi the Cleaver (Hill Orc Monk)                  Turns: 4612, Time: 00:11:17

Health: 0/52       AC:  6    Str: 20    XL:     6   Next: 48%
Magic:  6/6        EV: 12    Int: 15    God:
Gold:   164        SH:  0    Dex: 14    Spells: 0 memorised, 5 levels left

rFire  . . .     SeeInvis .     a - +0 hand axe
rCold  . . .     Gourm    .     g - +0 ring mail
rNeg   . . .     Faith    .     (no shield)
rPois  .         Spirit   .     (no helmet)
rElec  .         Reflect  .     (no cloak)
rCorr  .         Harm     .     (no gloves)
MR     .....                    A - +0 pair of boots
Stlth  +.........               (no amulet)
                                (no ring)
                                (no ring)

@: mighty, brilliant
A: no striking features
a: no special abilities


You were on level 5 of the Dungeon.
You were not hungry.

You visited 1 branch of the dungeon, and saw 5 of its levels.

You collected 164 gold pieces.

Notes
Turn   | Place    | Note
-------+----------+-------------------------------------------
     0 | D:1      | magipi the Hill Orc Monk began the quest for the Orb.
     0 | D:1      | Reached XP level 1. HP: 19/19 MP: 1/1
   352 | D:1      | Reached XP level 2. HP: 24/26 MP: 2/2
   539 | D:1      | Reached skill level 5 in Axes
  1046 | D:2      | Noticed Ijyb
  1079 | D:2      | Killed Ijyb
  1079 | D:2      | Reached skill level 6 in Axes
  1079 | D:2      | Reached XP level 3. HP: 15/31 MP: 3/3
  1268 | D:2      | Found a blossoming altar of Fedhas.
  1594 | D:2      | Found a snail-covered altar of Cheibriados.
  1626 | D:2      | Found a burning altar of Makhleb.
  1719 | D:2      | Found a stormy altar of Qazlal.
  1734 | D:2      | Reached XP level 4. HP: 23/39 MP: 4/4
  2315 | D:2      | Found Gozag's Platinum Reserve.
  2320 | D:2      | Found an opulent altar of Gozag.
  2701 | D:2      | Found an ancient bone altar of Kikubaaqudgha.
  2795 | D:3      | Noticed Mlkhall's ghost (amateur OpEE)
  2806 | D:2      | Found a shattered altar of Ashenzari.
  2920 | D:3      | Reached skill level 7 in Axes
  2948 | D:3      | Noticed Natasha
  2958 | D:3      | Killed Natasha
  2958 | D:3      | Reached XP level 5. HP: 35/45 MP: 5/5
  3069 | D:3      | Found a sparkling altar of Nemelex Xobeh.
  3146 | D:3      | Noticed Natasha
  3164 | D:3      | Killed Natasha
  3272 | D:3      | Reached skill level 8 in Axes
  3419 | D:3      | Found a hazy altar of Hepliaklqana.
  3810 | D:4      | Reached XP level 6. HP: 20/51 MP: 6/6
  4239 | D:4      | Found a basalt altar of Yredelemnul.
  4248 | D:4      | Reached skill level 9 in Axes
  4330 | D:4      | Noticed Duvessa
  4334 | D:4      | Noticed Dowan
  4349 | D:5      | Entered Level 5 of the Dungeon
  4612 | D:5      | Slain by a centaur

Inventory:

Hand Weapons
 a - a +0 hand axe (weapon)
Armour
 g - a +0 ring mail (worn)
 A - a +0 pair of boots (worn)
Jewellery
 m - a cursed -2 ring of evasion {unknown}
 q - a +2 amulet of reflection {unknown}
 v - an uncursed ring of positive energy {unknown}
 E - a +2 ring of evasion {unknown}
Wands
 p - a wand of iceblast (5/15)
Scrolls
 b - 2 scrolls of remove curse {unknown}
 e - 5 scrolls of identify {unknown}
 f - 3 scrolls of teleportation {unknown}
 h - 2 scrolls of fear {unknown}
 j - a scroll of magic mapping {unknown}
 s - 2 scrolls of enchant weapon {unknown}
 u - 2 scrolls of amnesia {unknown}
 y - 2 scrolls of random uselessness {unknown}
Potions
 i - a potion of might
 k - a potion of invisibility {unknown}
 l - 2 potions of brilliance
 n - a potion of haste {unknown}
 o - a potion of berserk rage {unknown}
 t - a potion of lignification {unknown}
 w - a potion of agility {unknown}
 x - a potion of mutation {unknown}
 z - 2 potions of flight {unknown}
 B - a potion of curing {unknown}
 D - 4 potions of degeneration {unknown}
Comestibles
 c - 5 bread rations
 d - 4 meat rations
 r - 2 slices of pizza
 C - a chunk of flesh
 F - 2 fruits


   Skills:
 + Level 3.9 Fighting
 + Level 9.1 Axes
 + Level 0.7 Armour
 - Level 2.4 Dodging
 - Level 1.5 Stealth


You had 5 spell levels left.
You didn't know any spells.

Dungeon Overview and Level Annotations

Branches:
Dungeon (5/15)
 Temple: D:4-7

Altars:
Ashenzari
Cheibriados
Fedhas
Gozag
Hepliaklqana
Kikubaaqudgha
Makhleb
Nemelex Xobeh
Qazlal
Yredelemnul

Shops:
D:2 *

Annotations:
D:3 Mlkhall's ghost, amateur OpEE
D:4 Dowan; Duvessa

Vault maps used:
D:1:      sevenhm_arrival_forest_fort_large_2
D:2:      lemuel_upstairs_altar, fedhas_altar_4, lemuel_crystal_altar,
          lemuel_crystal_altar, lemuel_coloured_pillars_altar,
          nicolae_overflow_crystal_walls, nrook_mini_backslash,
          nrook_mini_vaults, nicolae_gozag_zags_fifth_avenue, uniq_iyjb
D:3:      nemelex_xobeh_ov_fountains_minmay, nicolae_overflow_hidden_temple,
          minmay_surrounded, uniq_natasha
D:4:      lemuel_doored_altar, first_bread, uniq_duvessa,
          uniq_crazy_yiuf_cottage
D:5:      kennysheep_okawaru_gauntlet, minmay_temple_entry_mist


Message History

Found a stone staircase leading down.
There is an open door here.
The frilled lizard bites you but does no damage.
You miss the frilled lizard. You hit the frilled lizard.
You kill the frilled lizard!
You see here a frilled lizard corpse.
You see here a frilled lizard corpse.
You butcher the frilled lizard corpse.
C - a chunk of flesh Eating a chunk of flesh.
You start eating the chunk of flesh.
This raw flesh tastes terrible.
You open the door.
There is an open door here.
There is an open door here.
You open the door.
There is an open door here.
You open the door.
A worker ant comes into view.
The worker ant twitches its antennae in your direction.
There is an open door here.
You slash the worker ant!
The worker ant is heavily wounded.
You hit the worker ant.
The worker ant is almost dead.
The worker ant bites you.
You are poisoned.
The worker ant poisons you!
You closely miss the worker ant.
The worker ant is almost dead.
You feel sick. The worker ant misses you.
You hit the worker ant.
You kill the worker ant!
You see here a worker ant corpse.
You butcher the worker ant corpse.
You feel sick.
C - a chunk of flesh You start resting.
You feel sick. x4
You are no longer poisoned.
You start resting.
HP restored.
You open the door.
There is an open door here.
You now have 164 gold pieces (gained 10).
You open the door.
There is an open door here.
Found a stone staircase leading down.
You open the door.
Found a stone staircase leading up.
Search for what [? for help]? axe Search for what [Enter for "axe", or ? for help]? armo Search for what [Enter for "armo", or ? for help]?
There is an open door here.
e - 5 scrolls labeled UCAYWI OQOMA (gained 1)
You open the door.
There is an open door here.
A centaur comes into view.
The centaur shouts!
The centaur wields a shortbow.
The centaur shoots an arrow.
The arrow hits you.
You see here an arrow.
The centaur unwields an uncursed shortbow.
The centaur hits you.
You hit the centaur but do no damage. The centaur closely misses you. x2
You hit the centaur.
The centaur is lightly wounded.
The centaur hits you.
You closely miss the centaur.
The centaur is lightly wounded.
The centaur hits you.
You hit the centaur.
The centaur is lightly wounded.
The centaur hits you. The centaur closely misses you.
You hit the centaur but do no damage.
The centaur is lightly wounded.
The centaur hits you but does no damage.
You hit the centaur but do no damage.
The centaur is lightly wounded.
The centaur hits you.
You hit the centaur.
The centaur is lightly wounded.
The centaur hits you.
You closely miss the centaur.
The centaur is lightly wounded.
The centaur hits you. The centaur hits you!
* * * LOW HITPOINT WARNING * * *
Okay, then.
You barely miss the centaur.
The centaur is lightly wounded.
The centaur closely misses you.
You hit the centaur but do no damage.
The centaur is lightly wounded.
The centaur hits you.
* * * LOW HITPOINT WARNING * * *
It was a potion of brilliance.
You feel clever all of a sudden. The centaur completely misses you.
The centaur closely misses you.
It was a potion of might.
You feel very mighty all of a sudden. The centaur hits you!
You die...

......................>.......#
.........................<....#
..............................#
####..........................#
...#......###+#########.......#
...'......#...........#.......#
##'#......#...........#.......#
...#......#...........+.......#
...+......#.....@c....#.......#
...#......###..(#######.......#
...#####....#...##............#
.......#....+....#............#
.......'....#....#............+
...##..#....#....'............#
##'##..#....######....<.......#
...#####............###'#....##
...'...#............#...#....#


You could see a centaur.

Vanquished Creatures
  A hound (D:5)
  An orc wizard (D:4)
  Ijyb (D:2)
  Natasha (twice) (D:3)
  2 worker ants
  3 gnolls (D:4)
  4 adders
  4 worms
  3 dart slugs
  2 leopard geckos
  4 orcs
  A giant cockroach (D:3)
  7 goblins
  3 hobgoblins
  7 jackals
  6 kobolds
  A quokka (D:2)
  6 bats
  5 frilled lizards
  8 rats
71 creatures vanquished.

Action                   |  1- 3 |  4- 6 || total
-------------------------+-------+-------++-------
Melee: Hand axe          |   131 |   270 ||   401
  Use: Potion            |       |     2 ||     2
 Stab: Distracted        |     1 |       ||     1
       Sleeping          |       |     2 ||     2
  Eat: Chunk             |     1 |    11 ||    12
Armor: Leather armour    |     1 |       ||     1
       Ring mail         |    47 |    81 ||   128
Dodge: Dodged            |    72 |   109 ||   181

Action                   |  1- 3 |  4- 6 || total
-------------------------+-------+-------++-------
Melee: Hand axe          |   131 |   270 ||   401
  Use: Potion            |       |     2 ||     2
 Stab: Distracted        |     1 |       ||     1
       Sleeping          |       |     2 ||     2
  Eat: Chunk             |     1 |    11 ||    12
Armor: Leather armour    |     1 |       ||     1
       Ring mail         |    47 |    81 ||   128
Dodge: Dodged            |    72 |   109 ||   181
